 Dungeon Crawl Stone Soup version 0.26-a0-58-g79b31b8 (webtiles) character file.

Game seed: 896040499657442862

742 AtlasWard the Sneak (level 7, -2/43 HPs)
             Began as a Vampire Necromancer on June 8, 2020.
             Was an Initiate of Kikubaaqudgha.
             Slain by an ogre
             ... wielding a +0 giant club
              (22 damage)
             ... on level 4 of the Dungeon.
             The game lasted 00:15:52 (5437 turns).

AtlasWard the Sneak (Vampire Necromancer)           Turns: 5437, Time: 00:15:53

Health: -2/43      AC: 10    Str: 15    XL:     7   Next: 47%
Magic:  10/10      EV: 12    Int: 18    God:    Kikubaaqudgha [......]
Gold:   221        SH:  0    Dex: 14    Spells: 5/10 levels left

rFire    . . .     SeeInvis +   i - +0 short sword
rCold    + + .     Gourm    .   (no shield)
rNeg     + + +     Faith    .   s - +3 leather armour
rPois    ∞         Spirit   .   o - +0 helmet
rElec    .         Reflect  .   w - scarf {repulsion}
rCorr    .         Harm     .   b - +0 pair of gloves
MR       .....                  v - +1 pair of boots
Stlth    +++++.....             (no amulet)
HPRegen  0.00/turn              t - +6 ring of strength
MPRegen  0.12/turn              (no ring)

@: bloodless, repel missiles
A: no food, fangs 3, see invisible, unbreathing
a: Bat Form, Revivify, Renounce Religion


You were on level 4 of the Dungeon.
You worshipped Kikubaaqudgha.
Kikubaaqudgha was noncommittal.
You were bloodless.

You visited 2 branches of the dungeon, and saw 6 of its levels.

You collected 221 gold pieces.

Inventory:

Hand Weapons
 h - a +0 club
 i - a +0 short sword (weapon)
Armour
 b - a +0 pair of gloves (worn)
 o - a +0 helmet (worn)
 s - a +3 leather armour (worn)
 v - a +1 pair of boots (worn)
 w - a scarf of repulsion (worn)
Jewellery
 t - a +6 ring of strength (left hand)
Scrolls
 a - 3 scrolls of identify
 d - a scroll of random uselessness {unknown}
 f - 3 scrolls of enchant weapon {unknown}
 g - 5 scrolls of teleportation
 j - 2 scrolls of remove curse {unknown}
 k - a scroll of fear {unknown}
 l - 2 scrolls of amnesia {unknown}
 p - a scroll of blinking {unknown}
 r - a scroll of immolation {unknown}
Potions
 c - a potion of might
 e - a potion of mutation
 m - 3 potions of curing
 n - a potion of flight {unknown}
 q - a potion of berserk rage {unknown}
 u - a potion of lignification {unknown}
 x - a potion of haste {unknown}


   Skills:
 * Level 4.1 Fighting
 * Level 4.8 Short Blades
 - Level 2.1 Dodging
 + Level 6.2 Stealth
 - Level 2.0 Spellcasting
 + Level 5.8 Necromancy


You had 5 spell levels left.
You knew the following spells:

 Your Spells              Type           Power        Failure   Level  Hunger
a - Pain                  Necr           ###.         1%          1    N/A
b - Animate Skeleton      Necr           N/A          1%          1    N/A
c - Vampiric Draining     Necr           ###.......   6%          3    N/A

Your spell library contained the following spells:

 Spells                   Type           Power        Failure   Level  Hunger
 Animate Dead             Necr           N/A          21%         4    N/A
 Apportation              Tloc           #.....       22%         1    N/A
 Corona                   Hex            #......      22%         1    N/A
 Summon Small Mammal      Summ           #...         22%         1    N/A
 Agony                    Necr           ###.....     50%         5    N/A

Dungeon Overview and Level Annotations

Branches:
Dungeon (5/15)             Temple (1/1) D:4

Altars:
Ashenzari
Cheibriados
Dithmenos
Elyvilon
Fedhas
Gozag
Hepliaklqana
Kikubaaqudgha
Makhleb
Nemelex Xobeh
Okawaru
Ru
Sif Muna
Trog
Uskayaw
Vehumet
Wu Jian
Xom
Yredelemnul
Zin
The Shining One


Innate Abilities, Weirdness & Mutations

You do not eat.
You do not regenerate when monsters are visible.
You are frail without blood (-20% HP).
You can heal yourself when you bite living creatures.
You are immune to poison.
You have razor-sharp teeth.
You have supernaturally acute eyesight. (SInv)
You can survive without breathing.


Message History

You see here a +0 giant club.
Done exploring.
Done exploring.
Done exploring.
Done exploring.
There is a stone staircase leading down here.
You climb downwards.
An ogre comes into view. It is wielding a +0 giant club.
There is a stone staircase leading up here.
The ogre shouts!
There is a stone staircase leading up here.
The ogre hits you with a +0 giant club!!
Ouch! That really hurt!
You climb upwards.
There is a stone staircase leading down here.
You fail to use your ability.
The ogre hits you with a +0 giant club!!
Ouch! That really hurt!
You die...
Kikubaaqudgha rasps: "You have failed me!
Welcome... oblivion!"

# ##.###.# #.######.### #
####......### ##.## #%# #
#.....).....####...#####%#
#
..##....>.......)#....##%#
#
####......#.####...##.##.#
# ####......#.#
##.###.##.########
##..........# #.#
#.##......(..
##.##.#.....#####.#
#.###########
##.##..........O@.###.##
##.####................#
##.# #.....######.###<#
##.# ###.#### #.# #.# #.#
#....# #.# #.# #.# ####.#
#.# #.# ##.# #.# #.# #.#
##.###### #.# #.# #.#
........## #.# #.# #.#


You could see an ogre.

Vanquished Creatures
  2 phantoms (D:4)
  An ogre (D:4)
  3 orc priests
  A hound (D:4)
  2 orc wizards
  4 worker ants
  3 gnolls (D:4)
  8 adders
  An ooze (D:4)
  3 dart slugs
  2 leopard geckos
  22 orcs
  A ball python (D:1)
  7 bats
  4 giant cockroaches
  8 hobgoblins
  6 jackals
  6 kobolds
  2 quokkas (D:2)
  6 frilled lizards
  9 goblins
  12 rats
113 creatures vanquished.

Vanquished Creatures (collateral kills)
  Robin (D:2)
  An orc (D:2)
  3 goblins (D:2)
  A frilled lizard (D:3)
6 creatures vanquished.

Grand Total: 119 creatures vanquished

Notes
Turn   | Place    | Note
-------+----------+-------------------------------------------
     0 | D:1      | AtlasWard the Vampire Necromancer began the quest for the
                  | Orb.
     0 | D:1      | Reached XP level 1. HP: 13/13 MP: 3/3
    37 | D:1      | Learned a level 1 spell: Animate Skeleton
   381 | D:1      | Reached XP level 2. HP: 20/20 MP: 3/5
   657 | D:1      | Reached skill level 1 in Fighting
  1023 | D:1      | Reached XP level 3. HP: 19/26 MP: 2/6
  1265 | D:2      | Reached skill level 1 in Short Blades
  1335 | D:2      | Learned a level 3 spell: Vampiric Draining
  1352 | D:2      | Reached skill level 4 in Stealth
  2172 | D:2      | Reached XP level 4. HP: 18/26 MP: 7/7
  2441 | D:3      | Reached skill level 5 in Necromancy
  2530 | D:3      | Noticed Robin
  2840 | D:2      | Killed Robin
  2982 | D:3      | Reached XP level 5. HP: 30/30 MP: 8/8
  3290 | D:3      | You fall into a shaft and drop 2 floors!
  3290 | D:5      | Entered Level 5 of the Dungeon
  3375 | D:5      | Noticed a centaur
  3462 | D:5      | Reached skill level 5 in Stealth
  3496 | D:5      | Reached XP level 6. HP: 26/36 MP: 3/9
  4096 | D:4      | Reached XP level 7. HP: 9/41 MP: 10/10
  4352 | D:4      | Found a staircase to the Ecumenical Temple.
  4369 | Temple   | Entered the Ecumenical Temple
  4454 | Temple   | Became a worshipper of Kikubaaqudgha
  4758 | D:4      | Reached skill level 6 in Stealth
  5437 | D:4      | Slain by an ogre

Illustrated notes

Levels and vault maps discovered:
D:1:      shiori_arrival_oz, layout_basic
D:2:      layout_basic, first_ration
D:3:      layout_rooms, uniq_robin
D:4:      layout_loops_ring, minmay_temple_entry_trees, minmay_misc_feat_tiny
D:5:      layout_layer_cave, uniq_pikel, uniq_grinder
Temple:   dpeg_three_leaves_temple

Skill      XL: |  1  2  3  4  5  6  7 |
---------------+----------------------+-----
Fighting       | 1 2 3 4 |  4.1
Short Blades   | 1 2 3 4 |  4.8
Stealth        | 4 5 6 |  6.2
Necromancy     | 5 |  5.8
Dodging        | |  2.1
Spellcasting   | |  2.0

Action                   |  1- 3 |  4- 6 |  7- 9 || total
-------------------------+-------+-------+-------++-------
Melee: Unarmed           |    15 |       |       ||    15
       Short sword       |    82 |   221 |    34 ||   337
       Club              |     4 |       |       ||     4
       Bite              |     4 |    25 |     3 ||    32
 Cast: Pain              |    46 |    39 |     8 ||    93
       Animate Skeleton  |       |    17 |     3 ||    20
       Vampiric Draining |       |     2 |       ||     2
 Abil: Exsanguinate      |     1 |       |       ||     1
  Use: Scroll            |       |     5 |       ||     5
 Stab: Sleeping          |    12 |     5 |     5 ||    22
       Distracted        |       |     2 |       ||     2
Armor: Robe              |    25 |     4 |       ||    29
       Ring mail         |       |    87 |       ||    87
       Leather armour    |       |       |     8 ||     8
Dodge: Dodged            |    77 |   126 |     9 ||   212

Table legend:
 A = Non-vault XP
 B = Vault XP
 C = Vault XP percentage of total XP
 D = Non-vault monster count
 E = Vault monster count
 F = Vault count percentage of total count
                 A         B        C        D         E       F
            +---------+---------+-------+---------+---------+-------
      Total |    1028 |      33 |   3.1 |     107 |      12 |  10.1
            +---------+---------+-------+---------+---------+-------
        D:1 |      45 |       2 |   4.3 |      26 |       1 |   3.7
        D:2 |     101 |      26 |  20.5 |      25 |       8 |  24.2
        D:3 |      94 |       5 |   5.1 |      22 |       3 |  12.0
        D:4 |     621 |       0 |   0.0 |      22 |       0 |   0.0
        D:5 |     167 |       0 |   0.0 |      12 |       0 |   0.0
            +---------+---------+-------+---------+---------+-------
